 Dungeon Crawl Stone Soup version 0.31-a0-799-g6bc09d010c (webtiles) character file.

Game seed: 4484588924736817269

74 Dittersdorf the Shield-Bearer (level 4, -1/29 HPs)
             Began as a Gargoyle Fighter on Sept 19, 2023.
             Killed by divine providence
             ... invoked by an orc priest
              (15 damage)
             ... on level 3 of the Dungeon.
             The game lasted 00:02:48 (2011 turns).

Dittersdorf the Shield-Bearer (Gargoyle Fighter)    Turns: 2011, Time: 00:02:49

Health: -1/29      AC: 14    Str: 22    XL:     4   Next: 30%
Magic:  4/4        EV:  8    Int:  8    God:
Gold:   1011       SH:  4    Dex:  9    Spells: 3/3 levels left

rFire   . . .        a - +1 flail
rCold   . . .        c - +0 buckler
rNeg    + . .        u - +1 chain mail
rPois   ∞            (no helmet)
rElec   +            (no cloak)
rCorr   .            (no gloves)
SInv    .            (no boots)
Will    .....        (no amulet) Stlth
                     h - ring of flight
HPRegen 0.24/turn    (no ring)
MPRegen 0.09/turn

%: no passive effects
@: flying
A: sickness immunity, AC +3, negative energy resistance 1, electricity
resistance, torment resistance 1, petrification resistance
a: no special abilities


You were on level 3 of the Dungeon.
You visited 1 branch of the dungeon, and saw 3 of its levels.

You collected 1011 gold pieces.

Inventory:

Hand Weapons
 a - a +1 flail (weapon)
Missiles
 v - 3 poisoned darts (quivered)
Armour
 c - a +0 buckler (worn)
 u - a +1 chain mail (worn)
Jewellery
 h - a ring of flight (left hand)
Scrolls
 j - a scroll of silence
 l - 2 scrolls of poison
Potions
 d - 2 potions of might
 g - a potion of ambrosia
 m - a potion of enlightenment {unknown}
 o - a potion of lignification {unknown}
 p - a potion of attraction {unknown}
 q - a potion of berserk rage {unknown}
 t - 2 potions of heal wounds {unknown}


   Skills:
 + Level 3.9 Fighting
 + Level 2.7 Maces & Flails
 + Level 4.0 Armour
 + Level 4.0 Shields


You had 3 spell levels left.
You didn't know any spells.
Your spell library was empty.

Dungeon Overview and Level Annotations

Branches:
Dungeon (3/15)

Altars:
Elyvilon

Shops:
D:1 ([!


Innate Abilities, Weirdness & Mutations

You are immune to sickness and miasma.
Your stone body is resilient. (AC +3)
You are immune to poison.
You resist negative energy. (rN+)
You are resistant to electric shocks. (rElec)
You are resistant to unholy torment.
You are immune to petrification.


Message History

As you read the scroll labelled MUCKECV QEATZ, it crumbles to dust.
It was a scroll of poison.
This is a scroll of acquirement!
Something appears at your feet!
You now have enough gold to buy a pair of glowing boots on D:1.
You can access your shopping list by pressing '$'.
You now have 1011 gold pieces (gained 927).
Blink to where?
Press: ? - help, Dir - move target A hobgoblin comes into view.
Found a short sword.
As you read the scroll labelled BUCWOL IREAL, it crumbles to dust.
It was a scroll of blinking.
The hobgoblin shouts!
The hobgoblin barely misses you.
You closely miss the hobgoblin.
The hobgoblin hits you but does no damage.
You hit the hobgoblin.
The hobgoblin is heavily wounded.
You block the hobgoblin's attack. x2
You sock the hobgoblin!
You kill the hobgoblin!
Your Armour skill increases to level 4!
You see here a +0 short sword.
An endoplasm comes into view.
The endoplasm quivers.
You sock the endoplasm!
You kill the endoplasm! 2 orc priests come into view.
The orc priest shouts!
An orc comes into view. It is wielding a +0 whip.
The orc shouts!
You hear a shout!
The orc priest invokes the aid of Beogh against you.
Beogh smites you!
Ouch! That really hurt!
You hear a shout!
The orc priest calls down the wrath of Beogh upon you.
Beogh smites you!
Ouch! That really hurt!
You die... .... ... #.. #oo

#.# #o# #.#
##@#### #.....#
#.....# #.....####
##..........
#######..#..###..#
..................
####.#.###.###..
#.#.# .#


You could see 2 orc priests and an orc.

Vanquished Creatures
  A gnoll (D:1)
  A worm (D:2)
  2 dart slugs
  2 bats
  8 endoplasms
  3 giant cockroaches
  4 goblins (D:1)
  5 hobgoblins
  6 jackals
  2 quokkas (D:1)
  5 ball pythons
  8 frilled lizards
  A kobold (D:2)
  2 rats (D:1)
50 creatures vanquished.

Notes
Turn   | Place    | Note
-------+----------+-------------------------------------------
     0 | D:1      | Dittersdorf the Gargoyle Fighter began the quest for the
                  | Orb.
     0 | D:1      | Reached XP level 1. HP: 14/14 MP: 1/1
     6 | D:1      | Noticed a wyvern
     6 | D:1      | Noticed a salamander
     7 | D:1      | Noticed a snapping turtle
     7 | D:1      | Noticed a black bear
    88 | D:1      | Found Sercha's Distillery.
   134 | D:1      | Reached XP level 2. HP: 19/19 MP: 2/2
   251 | D:1      | Found a faded altar of an unknown god.
   296 | D:1      | Reached XP level 3. HP: 21/23 MP: 3/3
   363 | D:1      | Found Ceacvow's Antique Armour Emporium.
   578 | D:1      | Found Etwenoin's Antique Weapon Shop.
   958 | D:2      | Found a white marble altar of Elyvilon.
  1402 | D:2      | Reached XP level 4. HP: 29/29 MP: 4/4
  1986 | D:3      | Identified a scroll of acquirement
  1986 | D:3      | Acquired 927 gold pieces
  2011 | D:3      | Killed from afar by an orc priest

Illustrated notes

Levels and vault maps discovered:
D:1:      onia_arrival_zoo_common, layout_loops_ring, serial_shops, shop, shop,
          nicolae_shop_real_fake_doors, shapermc_ecumenical_altar_pompeii,
          minmay_pentomino_t4
D:2:      layout_loops_corners, basic_altar, kennysheep_crisscross
D:3:      layout_loops_ring, nicolae_gozag_cash_rules_everything_around_me,
          nicolae_dithmenos_the_darkroom, gup_sewer_entry_spiral, minivault_24

Skill      XL: |  1  2  3  4 |
---------------+-------------+-----
Shields        | 4 |  4.0
Armour         | 4 |  4.0
Fighting       | |  3.9
Maces & Flails | |  2.7

Action                     |  1- 3 |  4- 6 || total
---------------------------+-------+-------++-------
  Melee: Flail             |   133 |    10 ||   143
         Whip              |     9 |    19 ||    28
    Use: Scroll            |       |     9 ||     9
 Armour: Scale mail        |    97 |     4 ||   101
         Chain mail        |       |     7 ||     7
  Dodge: Dodged            |    64 |     8 ||    72
  Block: Buckler           |    36 |     5 ||    41

Table legend: (Time is in decaauts)
 A = Elapsed time spent in this place.
 B = Non-inter-level travel time spent in this place.
 C = Inter-level travel time spent in this place.
 D = Time resting spent in this place.
 E = Time spent auto-exploring this place.
 F = Levels seen in this place.
 G = Mean time per level.
                   A        B        C        D        E       F      G
               +--------+--------+--------+--------+--------+-----+--------+
         Total |   2053 |   1903 |    150 |      0 |   1456 |   3 |  684.3 |
       Dungeon |   2053 |   1903 |    150 |      0 |   1456 |   3 |  684.3 |
               +--------+--------+--------+--------+--------+-----+--------+

Top non-repeatable levels by time:
     D:2: 1082 daAuts
     D:1: 882 daAuts
     D:3: 88 daAuts
